 Dungeon Crawl Stone Soup version 0.24.0-2-g5b39cebb1c (webtiles) character file.

Game seed: 14372936717998877780, levelgen mode: deterministic

3 ventricule the Sneak (level 1, -2/12 HPs)
             Began as a Deep Elf Assassin on Oct 30, 2019.
             Slain by a jackal (3 damage)
             ... on level 2 of the Dungeon.
             The game lasted 00:00:29 (219 turns).

ventricule the Sneak (Deep Elf Assassin)             Turns: 219, Time: 00:00:29

Health: -2/12      AC:  3    Str:  8    XL:     1   Next: 41%
Magic:  3/3        EV: 12    Int: 15    God:
Gold:   0          SH:  0    Dex: 16    Spells: 0/0 levels left

rFire    + . .     SeeInvis .   a - +2 dagger
rCold    + . .     Gourm    .   (no shield)
rNeg     . . .     Faith    .   g - +0 robe {rC+ rF+} {rC+, rF+}
rPois    .         Spirit   .   (no helmet)
rElec    .         Reflect  .   c - +0 cloak
rCorr    .         Harm     .   (no gloves)
MR       .....                  (no boots)
Stlth    +++.......             (no amulet)
HPRegen  0.04/turn              (no ring)
MPRegen  0.08/turn              (no ring)

@: no status effects
A: no striking features
a: no special abilities


You were on level 2 of the Dungeon.
You were not hungry.

You visited 1 branch of the dungeon, and saw 2 of its levels.

Inventory:

Hand Weapons
 a - a +2 dagger (weapon)
Missiles
 d - 3 poisoned darts (quivered)
 f - 2 curare-tipped darts
 Q - 34 stones
Armour
 b - a +0 robe
 c - a +0 cloak (worn)
 g - a +0 robe of resistance (worn) {rC+, rF+}
Scrolls
 h - a scroll of identify {unknown}
 i - a scroll of fear {unknown}
Comestibles
 e - 2 rations


   Skills:
 - Level 1.5 Fighting
 + Level 2.0 Short Blades
 + Level 2.0 Throwing
 + Level 1.3 Dodging
 + Level 4.9 Stealth


You couldn't memorise any spells.
You didn't know any spells.
Your spell library was empty.

Dungeon Overview and Level Annotations

Branches:
Dungeon (2/15)

Altars:


Message History

The kobold is poisoned.
The kobold hits you with a +0 dagger.
* * * LOW HITPOINT WARNING * * *
You take 2 damage, and have 1/12 hp.
A frilled lizard comes into view.
You kill the kobold!
A kobold comes into view.
The jackal closely misses you.
There is a stone staircase leading down here.
The jackal closely misses you. The jackal bites you.
* * * LOW HITPOINT WARNING * * *
You climb downwards.
A bat comes into view.
There is a stone staircase leading up here.
You take 1 damage, and have 1/12 hp.
Throwing (i - inventory. (/) - cycle)
d - 4 poisoned darts (quivered)
Aim: a jackal You throw a poisoned dart.
The poisoned dart hits the jackal.
The jackal is poisoned.
The jackal closely misses you. x2
The jackal bites you.
You die...

########
#......#
#......#
#.h.h..#
#b.@...#
#......#
#..........
####.###...
.. #. ...
#.. ...


You could see 2 jackals and a bat (sleeping).

Levels and vault maps discovered:
D:1:      lightli_arrival_farm, layout_basic
D:2:      layout_rooms, evilmike_ruin_ashenzari, uniq_robin,
          uniq_crazy_yiuf_cottage

Notes
Turn   | Place    | Note
-------+----------+-------------------------------------------
     0 | D:1      | ventricule the Deep Elf Assassin began the quest for the
                  | Orb.
     0 | D:1      | Reached XP level 1. HP: 12/12 MP: 3/3
    13 | D:1      | Identified a +0 robe of resistance (You found it on level 1
                  | of the Dungeon)
   201 | D:1      | Identified a +0 dagger
   209 | D:1      | HP: 3/12 [kobold/+0 dagger (3)]
   210 | D:1      | HP: 1/12 [kobold/+0 dagger (2)]
   217 | D:1      | HP: 1/12 [jackal (1)]
   219 | D:2      | Slain by a jackal

Table legend:
 A = Turns spent in this place as a percentage of turns spent in the entire game.
 B = Non-inter-level travel turns spent in this place as a percentage of non-inter-level travel turns spent in the entire game.
 C = Inter-level travel turns spent in this place as a percentage of turns spent in this place.
 D = Turns resting spent in this place as a percentage of non-inter-level travel turns spent in this place.
 E = Turns spent auto-exploring this place as a percentage of non-inter-level travel turns spent in this place.
 F = Non-inter-level travel turns spent in this place divided by the number of levels of this place that you've seen.
                   A       B       C       D       E      F
               +-------+-------+-------+-------+-------+----------------------
         Total | 100.0 | 100.0 |   0.0 |  32.9 |  49.8 | 109.5
       Dungeon | 100.0 | 100.0 |   0.0 |  32.9 |  49.8 | 109.5
               +-------+-------+-------+-------+-------+----------------------

Table legend:
 A = Kills in this place as a percentage of kills in entire the game.
 B = Kills by you in this place as a percentage of kills by you in the entire game.
 C = Kills by friends in this place as a percentage of kills by friends in the entire game.
 D = Other kills in this place as a percentage of other kills in the entire game.
 E = Experience gained in this place as a percentage of experience gained in the entire game.
 F = Experience gained in this place divided by the number of levels of this place that you have seen.
                   A       B       C       D       E      F
               +-------+-------+-------+-------+-------+----------------------
         Total | 100.0 | 100.0 |   N/A |   N/A | 100.0 |   2.5
       Dungeon | 100.0 | 100.0 |   N/A |   N/A | 100.0 |   2.5
               +-------+-------+-------+-------+-------+----------------------

Action                   || total
-------------------------++-------
Melee: Dagger            ||     4
Throw: Dart              ||     5
Dodge: Dodged            ||     8

Vanquished Creatures
  A jackal (D:1)
  2 kobolds (D:1)
3 creatures vanquished.
